[Event "Titled Tuesday Blitz April 12 Late 2022"]
[White "Santos Ruiz, Miguel"]
[Black "Bluebaum, Matthias"]
[WhiteFideId "22291482"]
[BlackFideId "24651516"]
[WhiteElo "2486"]
[BlackElo "2550"]
[Result "0-1"]
[Round "08"]
[TimeControl "180+1"]
[Date "2022.04.12"]
[WhiteClock "0:00:06"]
[BlackClock "0:00:24"]

1. e4 c6 2. d4 d5 3. exd5 cxd5 4. Bd3 Nc6 5. c3 Qc7 6. Na3 a6 7. Nf3 Bg4 8. Nc2 e6 9. Ne3 Bh5 10. g3 Bd6 11. Ng2 Bg6 12. Bxg6 hxg6 13. Bf4 Nf6 14. O-O Ne4 15. a4 Bxf4 16. Nxf4 g5 17. Nd3 f6 18. Nd2 g4 19. Nxe4 dxe4 20. Nc5 f5 21. Nxe6 Qf7 22. Qb3 Rh3 23. Ra3 Rh6 24. Nc5 g5 25. Re1 b6 26. Nxe4 fxe4 27. Rxe4+ Ne7 28. Qxf7+ Kxf7 29. Rxg4 Kf6 30. Rb3 Kf5 31. f3 Rah8 32. Re4 Rxh2 33. g4+ Kf6 34. Rxb6+ Kf7 35. Rb7 Rh1+ 36. Kf2 R8h2+ 37. Ke3 Re1+ 38. Kd3 Rxe4 39. fxe4 Rg2 40. d5 Ke8 41. c4 Ng6 42. c5 Rxg4 43. b4 Rg1 44. b5 axb5 45. axb5 g4 46. Rg7 Ne5+ 47. Kd4 Kf8 48. Kxe5 Kxg7 49. c6 g3 50. c7 Rc1 51. b6 g2 52. b7 g1=Q 53. c8=Q Qg3+ 54. Kd4 Qf2+ 55. Ke5 Qf6# 0-1


[Site "https://www.chess.com"]

[Event "Titled Tuesday Blitz April 12 Late 2022"]
[White "Sarana, Alexey"]
[Black "Molenda, Marcin"]
[WhiteFideId "24133795"]
[BlackFideId "1173065"]
[WhiteElo "2666"]
[BlackElo "2067"]
[Result "1-0"]
[Round "08"]
[TimeControl "180+1"]
[Date "2022.04.12"]
[WhiteClock "0:02:18"]
[BlackClock "0:00:47"]

1. d4 d5 2. c4 c6 3. Nc3 Nf6 4. Nf3 e6 5. g3 Nbd7 6. Bg2 dxc4 7. O-O b5 8. e4 Bb7 9. e5 Nd5 10. Ng5 h6 11. Qh5 g6 12. Qh3 Nxc3 13. bxc3 Qb6 14. Nxe6 fxe6 15. Qxe6+ Kd8 16. Be3 Kc7 17. d5 Bc5 18. d6+ Kc8 19. Bh3 Rd8 20. Bxc5 Qxc5 21. Qe7 Qd5 22. e6 Qg5 23. exd7+ Kb8 24. Rfe1 c5 25. Qxg5 hxg5 26. Re8 1-0


[Site "https://www.chess.com"]

[Event "Titled Tuesday Blitz April 12 Late 2022"]
[White "Schekachikhin, Maksim"]
[Black "Vusatiuk, Vladimir"]
[WhiteFideId "24177830"]
[BlackFideId "14118610"]
[WhiteElo "2640"]
[BlackElo "2532"]
[Result "0-1"]
[Round "08"]
[TimeControl "180+1"]
[Date "2022.04.13"]
[WhiteClock "0:01:33"]
[BlackClock "0:00:10"]

1. d4 Nf6 2. c4 e6 3. Nc3 Bb4 4. e3 O-O 5. Bd3 d5 6. Nf3 c5 7. O-O dxc4 8. Bxc4 cxd4 9. exd4 b6 10. Bg5 Bb7 11. Ne5 Nc6 12. Nxf7 Kxf7 13. d5 Ne7 14. dxe6+ Kg8 15. Qb3 Bxc3 16. bxc3 Qc7 17. Rad1 Rad8 18. Bxf6 Rxf6 19. Rd7 Rxd7 20. exd7+ Kh8 21. Rd1 Rd6 22. Bb5 Bc6 23. h4 Qxd7 24. Rxd6 Qxd6 25. Bxc6 Nxc6 26. Qf7 h6 27. h5 Ne5 28. Qe8+ Kh7 29. a4 Qf6 30. f3 Qg5 31. Kf2 Qd2+ 32. Kg3 Qg5+ 33. Kf2 Nd3+ 34. Kg1 Qf5 35. Kh2 Qe5+ 36. Qxe5 Nxe5 37. Kg3 g5 38. hxg6+ Kxg6 39. Kf4 Kf6 40. g4 Nd3+ 41. Ke3 Nb2 42. a5 bxa5 43. f4 a4 44. g5+ hxg5 45. fxg5+ Kxg5 46. Kd2 a3 47. Kc2 Kf4 48. Kb3 Ke5 49. Kxa3 Nc4+ 50. Kb4 Kd5 51. Kb5 a5 52. Ka4 Kc5 53. Kb3 Kb5 54. Ka2 Ka4 55. Kb1 Kb3 56. Ka1 a4 57. Kb1 a3 58. Ka1 Kxc3 59. Ka2 Kb4 60. Ka1 Na5 61. Ka2 Ka4 62. Ka1 Kb3 63. Kb1 Nc6 64. Ka1 Nb4 65. Kb1 a2+ 66. Ka1 Nc2# 0-1


[Site "https://www.chess.com"]

[Event "Titled Tuesday Blitz April 12 Late 2022"]
[White "Seo, Jung Min"]
[Black "Pinheiro, Iung Alicio de O."]
[WhiteFideId "1734687"]
[BlackFideId "2104350"]
[WhiteElo "2401"]
[BlackElo "2544"]
[Result "0-1"]
[Round "08"]
[TimeControl "180+1"]
[Date "2022.04.12"]
[WhiteClock "0:02:23"]
[BlackClock "0:01:33"]

1. Nf3 c5 2. e4 Nc6 3. Bb5 e6 4. Bxc6 bxc6 5. O-O Ne7 6. Re1 Ng6 7. c3 Be7 8. d4 cxd4 9. cxd4 d5 10. Nc3 O-O 11. Qc2 Ba6 12. Qa4 Qb6 13. b3 Bb5 0-1


[Site "https://www.chess.com"]

[Event "Titled Tuesday Blitz April 12 Late 2022"]
[White "Shimanov, Aleksandr"]
[Black "Naroditsky, Daniel"]
[WhiteFideId "4198603"]
[BlackFideId "2026961"]
[WhiteElo "2636"]
[BlackElo "2608"]
[Result "1/2-1/2"]
[Round "08"]
[TimeControl "180+1"]
[Date "2022.04.12"]
[WhiteClock "0:00:51"]
[BlackClock "0:01:00"]

1. e4 c5 2. Nc3 d6 3. Bb5+ Bd7 4. Bxd7+ Qxd7 5. d4 cxd4 6. Qxd4 Nc6 7. Qd3 g6 8. Nf3 Bg7 9. O-O Nf6 10. Nd5 O-O 11. Bg5 Ng4 12. h3 Nge5 13. Nxe5 Bxe5 14. c3 Bg7 15. Rad1 Rae8 16. Rfe1 Ne5 17. Qe2 b5 18. f4 Nc4 19. b3 Nb6 20. e5 Nxd5 21. Rxd5 a6 22. c4 bxc4 23. Qxc4 Qa7+ 24. Kh1 Rc8 25. Qd3 dxe5 26. fxe5 e6 27. Rd7 Rc7 28. Rd8 Rc8 29. Rd7 Rc7 30. Rd8 Rc8 31. Rd7 1/2-1/2


[Site "https://www.chess.com"]

[Event "Titled Tuesday Blitz April 12 Late 2022"]
[White "Shuvalova, Polina"]
[Black "Indjic, Aleksandar"]
[WhiteFideId "24171760"]
[BlackFideId "911925"]
[WhiteElo "2355"]
[BlackElo "2616"]
[Result "0-1"]
[Round "08"]
[TimeControl "180+1"]
[Date "2022.04.12"]
[WhiteClock "0:00:05"]
[BlackClock "0:00:19"]

1. d4 Nf6 2. Nf3 e6 3. Bf4 c5 4. e3 cxd4 5. exd4 b6 6. Nbd2 Ba6 7. Bxa6 Nxa6 8. Qe2 Nc7 9. O-O Be7 10. h3 O-O 11. Rfe1 d6 12. Rad1 b5 13. Ne4 Nxe4 14. Qxe4 Nd5 15. Bh2 b4 16. Qd3 Rc8 17. Re2 Qa5 18. Ra1 Rc6 19. a3 Rfc8 20. Ne1 Qb6 21. axb4 Nxb4 22. Qd1 Nd5 23. c3 a6 24. Nd3 Qb5 25. Bg3 g6 26. Ra3 Rb6 27. Rc2 h5 28. h4 Nf6 29. Re2 d5 30. Be5 Ne4 31. Ra1 Bxh4 32. g3 Be7 33. Kg2 Nf6 34. Bxf6 Bxf6 35. Nc5 Be7 36. b4 Qc6 37. Ra5 Bxc5 38. dxc5 Rb5 39. Rea2 Rxa5 40. Rxa5 d4+ 41. Kg1 dxc3 42. Qd3 c2 43. Qxc2 Rd8 44. Qe2 Qb7 45. Rxa6 Qxb4 46. c6 Qc5 47. Qf3 Rd5 48. Qf6 Qf8 49. Ra7 Rf5 50. Qd4 Qc5 51. Rd7 Qxd4 52. Rxd4 Rc5 53. Rd8+ Kg7 54. Rd4 Rxc6 55. Kg2 Rc5 56. Ra4 Kf6 57. f4 Kf5 58. Kf3 f6 59. Rd4 Rc3+ 60. Kg2 Kg4 61. f5+ Kxf5 62. Rf4+ Kg5 0-1


[Site "https://www.chess.com"]

[Event "Titled Tuesday Blitz April 12 Late 2022"]
[White "Simonovic, Miroslav"]
[Black "Mickiewicz, Piotr"]
[WhiteFideId "919152"]
[BlackFideId "1114891"]
[WhiteElo "2043"]
[BlackElo "2266"]
[Result "1/2-1/2"]
[Round "08"]
[TimeControl "180+1"]
[Date "2022.04.13"]
[WhiteClock "0:00:19"]
[BlackClock "0:00:35"]

1. d4 Nf6 2. Bg5 c5 3. Bxf6 gxf6 4. c3 e6 5. e3 d5 6. g3 Nc6 7. Bg2 f5 8. Ne2 Qb6 9. Qb3 Bd7 10. Nd2 c4 11. Qxb6 axb6 12. O-O b5 13. b4 cxb3 14. axb3 Ra6 15. c4 Nb4 16. Nc3 bxc4 17. bxc4 Bc6 18. Rxa6 bxa6 19. Ra1 Bd6 20. cxd5 exd5 21. Ra5 Bc7 22. Rc5 Bb6 23. Rxd5 Nxd5 24. Nxd5 Bxd5 25. Bxd5 Ke7 26. Nc4 Bc7 27. Bb7 a5 28. f3 Rb8 29. Bc6 Rb4 30. Nd2 a4 31. e4 Rxd4 32. Nf1 a3 33. Ne3 Bb6 34. Nxf5+ Ke6 35. Nxd4+ Bxd4+ 36. Kg2 Kd6 37. Bd5 f5 38. Ba2 fxe4 39. fxe4 Ke5 40. Kf3 h5 41. h3 Bb2 42. g4 Bc1 43. gxh5 Bh6 44. Bd5 Bg5 45. Kg4 Bh6 46. h4 Be3 47. Ba2 Bh6 48. Kf3 Kf6 49. Bb3 Kg7 50. Ba2 Kh8 51. Ke2 Bg7 52. Kd3 Bb2 53. Kc4 Ba1 54. Kb3 Bb2 55. Kb4 Kg7 56. Kc5 Ba1 57. Kd6 Bb2 58. e5 Bxe5+ 59. Kxe5 Kh8 60. Kf5 Kg7 61. Ke4 Kh8 62. Kd3 Kg7 63. Kc3 Kh8 64. Kb3 Kh7 65. Kxa3 Kh8 66. Kb4 Kh7 67. Kc4 Kh8 68. Kd4 Kh7 69. Ke4 Kh8 70. Kf4 Kh7 71. Kg4 Kh8 72. Bb1 Kg7 73. Kg5 Kh8 74. h6 Kg8 75. Bg6 Kh8 76. h5 Kg8 77. Kf6 Kh8 78. Kg5 Kg8 79. Kf6 Kh8 80. Kg5 1/2-1/2


[Site "https://www.chess.com"]

[Event "Titled Tuesday Blitz April 12 Late 2022"]
[White "Sokolovsky, Yahli"]
[Black "Swicarz, Maciej"]
[WhiteFideId "2820242"]
[BlackFideId "1113585"]
[WhiteElo "1770"]
[BlackElo "2057"]
[Result "1-0"]
[Round "08"]
[TimeControl "180+1"]
[Date "2022.04.13"]
[WhiteClock "0:00:10"]
[BlackClock "0:00:08"]

1. b3 e5 2. Bb2 Nc6 3. e3 a6 4. d4 exd4 5. exd4 d5 6. Nf3 Nf6 7. a3 Bg4 8. Be2 Be7 9. Ne5 Nxe5 10. dxe5 Bxe2 11. Qxe2 Ne4 12. O-O O-O 13. f3 Bc5+ 14. Kh1 Ng5 15. Nd2 Re8 16. f4 Ne6 17. f5 Nd4 18. Qd3 Nc6 19. e6 fxe6 20. f6 Rf8 21. fxg7 Rxf1+ 22. Rxf1 Qg5 23. Nf3 Qh5 24. c4 dxc4 25. Qxc4 Qd5 26. Qxd5 exd5 27. Ng5 d4 28. Ne6 b6 29. Bc1 Re8 30. Bh6 d3 31. Nxc5 Re1 32. Rxe1 Kf7 33. Rf1+ Kg6 34. g8=Q+ 1-0


[Site "https://www.chess.com"]

[Event "Titled Tuesday Blitz April 12 Late 2022"]
[White "Stelmaszyk, Nico"]
[Black "Lalanne, Pablo"]
[WhiteFideId "16200462"]
[BlackFideId "112151"]
[WhiteElo "2119"]
[BlackElo "2120"]
[Result "1/2-1/2"]
[Round "08"]
[TimeControl "180+1"]
[Date "2022.04.13"]
[WhiteClock "0:01:12"]
[BlackClock "0:00:12"]

1. e4 c5 2. Nf3 d6 3. c3 Nf6 4. Be2 Nc6 5. d4 cxd4 6. cxd4 d5 7. e5 Ne4 8. O-O Bg4 9. h3 Bh5 10. e6 fxe6 11. Re1 Qb6 12. Nc3 Bxf3 13. Bxf3 Qxd4 14. Bxe4 Qxd1 15. Rxd1 dxe4 16. Nxe4 Rd8 17. Be3 Rd5 18. Nc3 Rxd1+ 19. Rxd1 g6 20. Nb5 a6 21. Nc7+ Kf7 22. Bd4 Nxd4 23. Rxd4 Bg7 24. Rb4 Rd8 25. g3 Rd1+ 26. Kg2 Rd2 27. Rxb7 Bxb2 28. Rb4 e5 29. Rb3 e4 30. Re3 e5 31. Rxe4 Bd4 32. Nxa6 Rxf2+ 33. Kh1 Rxa2 34. Nb4 Rb2 35. Nc6 Bc3 36. Nxe5+ Bxe5 37. Rxe5 Kf6 38. Re4 g5 39. Rg4 h5 40. Rc4 Kf5 41. Kg1 Ra2 42. Kf1 Ke5 43. Rc5+ Kf6 44. Kg1 Kg6 45. Rb5 Kf6 46. Rd5 Kg6 47. Rd4 Kf6 48. Rd3 Kf5 49. Re3 Kf6 50. Rd3 Kf5 51. Rc3 Kf6 52. Rb3 Kf5 53. Rb5+ Kf6 54. h4 gxh4 55. gxh4 Kg6 56. Rg5+ Kh6 57. Rc5 Ra4 58. Rc6+ Kh7 59. Rc7+ Kg6 60. Rc6+ Kf7 61. Rc7+ Kg6 62. Rc6+ Kf7 63. Rc7+ Ke6 64. Rc6+ Kd7 65. Rh6 Rxh4 66. Kg2 Ke7 67. Kg3 Rg4+ 68. Kh3 Rg5 69. Kh4 Ra5 70. Rh7+ Kf6 71. Rh6+ Kg7 72. Rb6 Kh7 73. Rc6 Kg7 74. Rd6 Kh7 75. Re6 Kg7 76. Re7+ Kg6 77. Re6+ Kf5 78. Rb6 Kf4 79. Rf6+ Rf5 80. Re6 Re5 81. Rd6 Ke4 82. Rc6 Kd4 83. Rb6 Ke4 84. Ra6 Kf4 85. Ra4+ Kf3 86. Ra8 Kf4 87. Rf8+ Rf5 88. Rg8 Ke4 89. Rh8 Kf4 90. Rb8 Ke4 91. Rb4+ Ke5 92. Rb5+ Kf4 93. Rb4+ Ke5 94. Rb3 Kf4 95. Rb1 Ke4 96. Rd1 Ke5 97. Re1+ Kf4 98. Rf1+ Ke5 99. Rxf5+ Kxf5 100. Kxh5 1/2-1/2


[Site "https://www.chess.com"]

[Event "Titled Tuesday Blitz April 12 Late 2022"]
[White "Svane, Rasmus"]
[Black "Quesada Perez, Yuniesky"]
[WhiteFideId "4657101"]
[BlackFideId "3504409"]
[WhiteElo "2645"]
[BlackElo "2622"]
[Result "1-0"]
[Round "08"]
[TimeControl "180+1"]
[Date "2022.04.12"]
[WhiteClock "0:00:19"]
[BlackClock "0:00:02"]

1. Nf3 d5 2. g3 Nf6 3. Bg2 Bf5 4. O-O e6 5. c4 c6 6. Qb3 Qb6 7. d3 Nbd7 8. cxd5 Qxb3 9. axb3 exd5 10. Bd2 Bd6 11. Bc3 O-O 12. b4 Rfe8 13. Nd4 Bg6 14. Nd2 a6 15. N2b3 Nf8 16. Bh3 Rad8 17. Rfe1 Ne6 18. Kf1 Nxd4 19. Nxd4 Nd7 20. f4 h6 21. Nb3 Re7 22. Rad1 Rde8 23. e4 Nb6 24. e5 Bb8 25. Nc5 d4 26. Bxd4 Nd5 27. Bc3 Bh7 28. d4 f5 29. Bg2 Bg6 30. Bxd5+ cxd5 31. Ra1 Rc8 32. Kf2 Be8 33. h3 Bb5 34. Ke3 Rf8 35. Rg1 Ref7 36. Rad1 Kh7 37. Rd2 g5 38. Rf2 Rg8 39. g4 fxg4 40. Rxg4 Rgf8 41. Be1 Ba7 42. fxg5 Rxf2 43. Bxf2 hxg5 44. Rxg5 b6 45. Ne6 Rf7 46. Nf4 Rc7 47. Nxd5 Rc2 48. Bg3 Re2+ 49. Kf3 Rxb2 50. Nf6+ Kh6 51. Bf4 Rb3+ 52. Kf2 Rb2+ 53. Ke1 Re2+ 54. Kd1 Rf2 55. Be3 1-0


[Site "https://www.chess.com"]

[Event "Titled Tuesday Blitz April 12 Late 2022"]
[White "Tillyaev, Ulugbek"]
[Black "Migot, Tangi"]
[WhiteFideId "14202441"]
[BlackFideId "662445"]
[WhiteElo "2377"]
[BlackElo "2530"]
[Result "1-0"]
[Round "08"]
[TimeControl "180+1"]
[Date "2022.04.13"]
[WhiteClock "0:00:17"]
[BlackClock "0:00:09"]

1. e4 c5 2. d4 cxd4 3. c3 Nf6 4. e5 Nd5 5. Qxd4 e6 6. Nf3 Nc6 7. Qe4 f5 8. Qe2 Qc7 9. c4 Bb4+ 10. Nbd2 Nf4 11. Qe3 g5 12. a3 Be7 13. b4 Ng6 14. Bb2 g4 15. b5 gxf3 16. bxc6 Qxc6 17. Nxf3 b6 18. Nd4 Qc5 19. Nb5 O-O 20. Bd4 Qc6 21. Be2 Bb7 22. Bf3 Qc8 23. Bxb7 Qxb7 24. O-O Rac8 25. Rac1 f4 26. Qd3 f3 27. g3 Rf5 28. Rfe1 Qb8 29. Re3 Bg5 30. Nd6 Bxe3 31. Qxe3 Rff8 32. Nxc8 Qxc8 33. c5 b5 34. c6 dxc6 35. Bxa7 Qd7 36. Bc5 Rf5 37. Bd6 Kg7 38. Qe4 c5 39. Rxc5 Rf7 40. Rc7 Qe8 41. Rxf7+ Qxf7 42. Qc6 Qf5 43. Qc1 h5 44. Qf1 Nxe5 45. Qxb5 Nd3 46. Qxf5 exf5 47. a4 Kf7 48. a5 Ke6 49. a6 Kxd6 50. a7 Kc7 51. a8=Q 1-0


[Site "https://www.chess.com"]

[Event "Titled Tuesday Blitz April 12 Late 2022"]
[White "Tregubov, Pavel V."]
[Black "Pranav, V"]
[WhiteFideId "4115341"]
[BlackFideId "25060783"]
[WhiteElo "2341"]
[BlackElo "2349"]
[Result "1/2-1/2"]
[Round "08"]
[TimeControl "180+1"]
[Date "2022.04.12"]
[WhiteClock "0:00:20"]
[BlackClock "0:00:23"]

1. e4 e5 2. Nf3 Nf6 3. Nxe5 Nc6 4. Nxc6 dxc6 5. d3 Bc5 6. Be2 h5 7. Be3 Bxe3 8. fxe3 Ng4 9. Qd2 Qg5 10. Bxg4 Bxg4 11. Nc3 O-O-O 12. h3 Be6 13. O-O-O Qa5 14. a3 Rd7 15. Ne2 Qe5 16. Nf4 Rhd8 17. Rhf1 g6 18. Qc3 Qd6 19. Nxe6 Qxe6 20. Rf6 Qa2 21. Rdf1 a6 22. b4 Re7 23. Qb2 Qxb2+ 24. Kxb2 Rdd7 25. g4 h4 26. g5 Re5 27. Rxf7 Rxf7 28. Rxf7 Rxg5 29. Rh7 Rg3 30. Rxh4 Rxe3 31. Kc3 Re2 32. Rg4 Rh2 33. h4 Kd7 34. Rxg6 Rxh4 35. Kd4 b6 36. Rg7+ Kd6 37. Rg6+ Kd7 38. c4 Rh7 39. Ke5 Rh5+ 40. Kf4 Rh3 41. Rg3 Rh1 42. Rg7+ Kc8 43. e5 Rf1+ 44. Ke4 Kd8 45. e6 Re1+ 46. Kf5 Rf1+ 47. Kg6 Rg1+ 48. Kf7 Rf1+ 49. Kg6 Rg1+ 50. Kf7 Rf1+ 51. Kg8 Rf6 52. Rd7+ Kc8 53. Re7 Kd8 54. Rd7+ Kc8 55. Re7 Kd8 56. Rd7+ 1/2-1/2


[Site "https://www.chess.com"]

[Event "Titled Tuesday Blitz April 12 Late 2022"]
[White "Urazayev, Arystanbek"]
[Black "Soysal, Serkan"]
[WhiteFideId "13709810"]
[BlackFideId "6349250"]
[WhiteElo "2422"]
[BlackElo "2440"]
[Result "1-0"]
[Round "08"]
[TimeControl "180+1"]
[Date "2022.04.12"]
[WhiteClock "0:00:13"]
[BlackClock "0:00:02"]

1. d4 d5 2. c4 c6 3. Nf3 Nf6 4. e3 Bg4 5. h3 Bxf3 6. Qxf3 e6 7. Nc3 Bb4 8. Bd2 a5 9. Bd3 Nbd7 10. O-O O-O 11. Rac1 Re8 12. Rfd1 Qe7 13. a3 Bxc3 14. Bxc3 a4 15. Bb4 Qd8 16. Bd6 e5 17. Bf5 exd4 18. Rxd4 Ne5 19. Bxe5 Rxe5 20. cxd5 Rxd5 21. Rcd1 Qe7 22. Bc2 Rb5 23. Qe2 Rba5 24. Qd2 g6 25. e4 Re5 26. f3 b5 27. Rd6 Re6 28. Rd8+ Rxd8 29. Qxd8+ Qxd8 30. Rxd8+ Kg7 31. Kf2 Re5 32. f4 Rc5 33. Rd2 Rc4 34. Kf3 h5 35. e5 Nd5 36. Be4 Ne7 37. g4 hxg4+ 38. hxg4 Nd5 39. Bxd5 cxd5 40. Rxd5 b4 41. Rd3 bxa3 42. bxa3 g5 43. f5 Rf4+ 44. Kg3 Re4 45. Rd5 Re3+ 46. Kf2 Rxa3 47. f6+ Kg6 48. Rd8 Ra2+ 49. Ke3 Ra3+ 50. Ke4 Rg3 51. Rg8+ Kh6 52. e6 Rxg4+ 53. Ke5 fxe6 54. f7 Rf4 55. f8=Q+ Rxf8 56. Rxf8 Kh5 57. Ke4 Kg4 58. Rg8 a3 59. Ra8 Kh4 60. Rxa3 g4 61. Ra8 Kg3 62. Ke3 Kg2 63. Rg8 g3 64. Ke2 e5 65. Rg7 e4 66. Rg4 Kh2 67. Rh4+ Kg1 68. Rxe4 g2 69. Kf3 Kf1 70. Ra4 1-0


[Site "https://www.chess.com"]

[Event "Titled Tuesday Blitz April 12 Late 2022"]
[White "Wagner, Dennis"]
[Black "Kazakouski, Valery"]
[WhiteFideId "24650684"]
[BlackFideId "13507443"]
[WhiteElo "2355"]
[BlackElo "2524"]
[Result "0-1"]
[Round "08"]
[TimeControl "180+1"]
[Date "2022.04.12"]
[WhiteClock "0:00:02"]
[BlackClock "0:00:08"]

1. d4 Nf6 2. Nf3 e6 3. c4 d5 4. g3 dxc4 5. Bg2 Bd7 6. O-O Bc6 7. Qc2 b5 8. Nc3 a6 9. Rd1 Nbd7 10. e4 Bb7 11. d5 e5 12. a4 c6 13. dxc6 Bxc6 14. Nxe5 Nxe5 15. Rxd8+ Rxd8 16. axb5 axb5 17. Bf4 Nfd7 18. Ra6 Bc5 19. Rxc6 Nxc6 20. Nxb5 Nde5 21. Nc7+ Kf8 22. Nd5 f6 23. Qa4 Kf7 24. Qb5 Bd4 25. Ne3 Bxe3 26. Bxe3 Rd1+ 27. Bf1 Rb8 28. Qa4 Re1 29. Kg2 Rxb2 30. Bxc4+ Kg6 31. Bd5 Rxe3 32. Bxc6 Ree2 33. Be8+ Kh6 34. Qa7 Ng4 35. Qf7 g6 0-1


[Site "https://www.chess.com"]

[Event "Titled Tuesday Blitz April 12 Late 2022"]
[White "Ward, Ieuan C"]
[Black "Kanyamarala, Trisha"]
[WhiteFideId "406627"]
[BlackFideId "45004722"]
[WhiteElo "2290"]
[BlackElo "2079"]
[Result "0-1"]
[Round "08"]
[TimeControl "180+1"]
[Date "2022.04.13"]
[WhiteClock "0:00:01"]
[BlackClock "0:00:06"]

1. d4 d5 2. c4 e6 3. Nc3 Nf6 4. Bg5 h6 5. Bh4 Be7 6. e3 O-O 7. Nf3 a6 8. cxd5 exd5 9. Rc1 Bf5 10. Be2 c6 11. O-O Nbd7 12. a3 a5 13. Bd3 Ne4 14. Bxe7 Qxe7 15. Qc2 Rfe8 16. Nd2 Bh7 17. Ndxe4 dxe4 18. Bc4 b5 19. Ba2 Rac8 20. Qd2 b4 21. axb4 Qxb4 22. d5 Ne5 23. dxc6 Nd3 24. Rb1 Rxc6 25. Rfd1 Rb8 26. Nd5 Qxd2 27. Rxd2 Kf8 28. f3 Rc5 29. Nc3 exf3 30. e4 f2+ 31. Kf1 Nb4 32. Kxf2 Nxa2 33. Nxa2 Bxe4 34. Re1 f5 35. Nc3 Rc4 36. Nxe4 Rxe4 37. Rxe4 fxe4 38. Ke3 Rb4 39. g3 Kf7 40. h4 Kf6 41. Rd5 Rxb2 42. Rxa5 Rb3+ 43. Kxe4 Rxg3 44. Kf4 Rh3 45. Kg4 Rh1 46. Ra6+ Kf7 47. h5 Rg1+ 48. Kf4 Rg5 49. Ra7+ Kg8 50. Ra8+ Kh7 51. Ra7 Rxh5 52. Kg4 Rb5 53. Kh3 Kg6 54. Rc7 Rf5 55. Rc6+ Rf6 56. Rc5 h5 57. Kh4 Rf4+ 58. Kg3 Rg4+ 59. Kh3 Kh6 60. Rb5 g6 61. Rc5 Rd4 62. Rb5 Rd3+ 63. Kg2 g5 64. Rb6+ Kg7 65. Ra6 Re3 66. Rb6 h4 67. Ra6 Re7 68. Rb6 Rf7 69. Rb5 Kg6 70. Kh3 Rf3+ 71. Kg2 Rf5 72. Rb6+ Kh5 73. Rb8 Kg4 74. Rb4+ Rf4 75. Rb8 h3+ 76. Kh2 Rc4 77. Rb2 Kh4 78. Ra2 g4 79. Ra3 g3+ 80. Rxg3 Rc2+ 81. Kh1 Kxg3 82. Kg1 Rc1# 0-1


[Site "https://www.chess.com"]

[Event "Titled Tuesday Blitz April 12 Late 2022"]
[White "Xu, Yi"]
[Black "Martinez Alcantara, Jose Eduardo"]
[WhiteFideId "8605564"]
[BlackFideId "3805662"]
[WhiteElo "2471"]
[BlackElo "2690"]
[Result "1-0"]
[Round "08"]
[TimeControl "180+1"]
[Date "2022.04.12"]
[WhiteClock "0:01:05"]
[BlackClock "0:01:37"]

1. e4 c5 2. Nf3 d6 3. d4 cxd4 4. Nxd4 Nf6 5. Nc3 Nc6 6. Bg5 e6 7. Qd2 a6 8. O-O-O Bd7 9. f4 Be7 10. Nf3 b5 11. Bxf6 gxf6 12. Kb1 Qb6 13. Ne2 b4 14. f5 e5 15. Qh6 a5 16. Ng3 a4 17. Bc4 Na5 18. Bd5 Rc8 19. Nh5 b3 20. cxb3 axb3 21. Nxf6+ Bxf6 22. Qxf6 bxa2+ 23. Bxa2 Nc4 24. Bxc4 Rxc4 25. Qxh8+ Ke7 26. f6+ 1-0


[Site "https://www.chess.com"]

[Event "Titled Tuesday Blitz April 12 Late 2022"]
[White "Yanchenko, Roman"]
[Black "Esipenko, Andrey"]
[WhiteFideId "4137329"]
[BlackFideId "24175439"]
[WhiteElo "2514"]
[BlackElo "2617"]
[Result "0-1"]
[Round "08"]
[TimeControl "180+1"]
[Date "2022.04.12"]
[WhiteClock "0:00:09"]
[BlackClock "0:00:50"]

1. d4 Nf6 2. c4 e6 3. Nf3 b6 4. g3 Na6 5. Bg2 Bb7 6. O-O d5 7. b3 Bd6 8. Nc3 O-O 9. Bf4 Bxf4 10. gxf4 c5 11. cxd5 Nxd5 12. Nxd5 Bxd5 13. e3 Rc8 14. Qe2 Nb4 15. a3 Nc6 16. dxc5 bxc5 17. Rfc1 Na5 18. Nd2 Nxb3 19. Nxb3 Bxb3 20. Qb5 c4 21. Bf1 Qf6 22. Rab1 Rfd8 23. Kh1 Qh4 24. Rb2 h6 25. Qb7 Rc5 26. h3 Rdc8 27. Kg1 a5 28. Qe4 a4 29. Rc3 Rg5+ 30. Kh2 Rd5 31. Bxc4 Rdc5 32. Rcxb3 Rxc4 0-1


[Site "https://www.chess.com"]

[Event "Titled Tuesday Blitz April 12 Late 2022"]
[White "Zherebtsova, Alexandra"]
[Black "Hoffmann, Asa"]
[WhiteFideId "24129518"]
[BlackFideId "2001470"]
[WhiteElo "2025"]
[BlackElo "2117"]
[Result "0-1"]
[Round "08"]
[TimeControl "180+1"]
[Date "2022.04.13"]
[WhiteClock "0:00:01"]
[BlackClock "0:00:41"]

1. d4 Nf6 2. Nf3 d6 3. c4 c6 4. Nc3 Bf5 5. b3 h6 6. Bb2 Nbd7 7. Nd2 e5 8. e4 exd4 9. exf5 dxc3 10. Bxc3 Be7 11. Be2 O-O 12. O-O d5 13. Qc2 Re8 14. Rad1 a5 15. Bf3 Nc5 16. Rfe1 d4 17. Nf1 d3 18. Qb2 Qd7 19. Ne3 Rad8 20. Bxa5 Ra8 21. Bc3 Nfe4 22. Bxg7 d2 23. Rf1 Qd3 24. f6 Bd6 25. Nf5 Be5 26. Nxh6+ Kh7 27. Bg4 Nxf6 28. Bf5+ Kxg7 29. Bxd3 Bxb2 30. Nf5+ Kf8 31. Rxd2 Bc3 32. Rc2 Nxd3 33. Rxc3 Nf4 34. Rf3 Ng6 35. Nd6 Re6 36. Nxb7 Ne5 37. Rh3 Kg7 38. Nc5 Rd6 0-1


[Site "https://www.chess.com"]

[Event "Titled Tuesday Blitz April 12 Late 2022"]
[White "Aldokhin, Ivan"]
[Black "Tregubov, Pavel V."]
[WhiteFideId "24115720"]
[BlackFideId "4115341"]
[WhiteElo "2231"]
[BlackElo "2341"]
[Result "1-0"]
[Round "09"]
[TimeControl "180+1"]
[Date "2022.04.12"]
[WhiteClock "0:00:03"]
[BlackClock "0:00:01"]

1. e4 e5 2. Nf3 Nf6 3. d4 Nxe4 4. Bd3 d5 5. Nxe5 Nd7 6. Qe2 Nxe5 7. Bxe4 dxe4 8. Qxe4 Be6 9. dxe5 Qd7 10. Nc3 O-O-O 11. O-O Be7 12. Be3 Bf5 13. Qf3 a6 14. Rfe1 Qe6 15. h3 Bxc2 16. Rac1 Bg6 17. Na4 Kb8 18. Bc5 Rd3 19. Qf4 Rhd8 20. Bxe7 Qxe7 21. Nc5 R3d4 22. Qf3 R4d5 23. b4 c6 24. Qg3 Ka8 25. a4 Re8 26. e6 f6 27. Nd7 Rxd7 28. exd7 Qxd7 29. Rxe8+ Qxe8 30. Qc7 Bf7 31. b5 Bd5 32. bxa6 bxa6 33. Rb1 c5 34. Qxc5 Qc6 35. Qf8+ Ka7 36. Qb8# 1-0


[Site "https://www.chess.com"]

[Event "Titled Tuesday Blitz April 12 Late 2022"]
[White "Ambartsumova, Karina"]
[Black "Bryakin, Mikhail"]
[WhiteFideId "4166299"]
[BlackFideId "4165314"]
[WhiteElo "2262"]
[BlackElo "2417"]
[Result "0-1"]
[Round "09"]
[TimeControl "180+1"]
[Date "2022.04.12"]
[WhiteClock "0:00:33"]
[BlackClock "0:00:34"]

1. d4 Nf6 2. Nf3 g6 3. g3 Bg7 4. Bg2 O-O 5. O-O c5 6. c4 cxd4 7. Nxd4 Nc6 8. Nc2 d6 9. Nc3 Qa5 10. Ne3 Qh5 11. Ncd5 g5 12. Rb1 Bh3 13. b4 Bxg2 14. Kxg2 Nxd5 15. cxd5 Ne5 16. f4 gxf4 17. Rxf4 Bh6 18. Rh4 Qg6 19. Nf5 Qxf5 20. Bxh6 Rfc8 21. e4 Qf6 22. Rb2 Ng6 0-1


[Site "https://www.chess.com"]